 Dungeon Crawl Stone Soup version 0.20.1-1-g8b1a95d (webtiles) character file.

65 Irenicus the Slasher (level 4, -8/31 HPs)
             Began as an Octopode Chaos Knight on Oct 13, 2017.
             Mangled by Crazy Yiuf
             ... wielding a +3 quarterstaff of chaos
              (17 damage)
             ... on level 2 of the Dungeon.
             The game lasted 00:03:41 (1125 turns).

Irenicus the Slasher (Octopode Chaos Knight)        Turns: 1125, Time: 00:03:45

Health: -8/31      AC:  1    Str: 11    XL:     4   Next: 14%
Magic:  4/4        EV: 13    Int: 14    God:    Xom [.*....]
Gold:   121        SH:  0    Dex: 12    Spells: 3/3 levels left

rFire    . . .     SeeInvis .   a - +0 falchion (chaos)
rCold    . . .     Gourm    .   (no shield)
rNeg     . . .     Faith    +   (helmet restricted)
rPois    .         Spirit   .   h - amulet of faith
rElec    .         Reflect  .   g - ring of flight
rCorr    .         Harm     .   (no ring)
MR       .....                  (no ring)
Stlth    ++........             (no ring)
Regen    0.1/turn               (no ring)
MPRegen  0.1/turn               (no ring)
                                (no ring)
                                (no ring)

@: drained
A: almost no armour, stealthy swim, amphibious, 8 rings, constrict 8, camouflage
1, gelatinous body 1
a: Renounce Religion, Evoke Flight


You were on level 2 of the Dungeon.
You worshipped Xom.
You were a plaything of Xom.
You were hungry.

You visited 1 branch of the dungeon, and saw 2 of its levels.

You collected 121 gold pieces.

Inventory:

Hand Weapons
 a - a +0 falchion of chaos (weapon)
Jewellery
 g - a ring of flight (left tentacle)
 h - an amulet of faith (around mantle)
 k - a +5 ring of intelligence {unknown}
Wands
 m - a wand of polymorph (4/24)
Scrolls
 c - 2 scrolls of enchant weapon {unknown}
 d - 2 scrolls of recharging {unknown}
 f - 2 scrolls of identify {unknown}
 j - a scroll of teleportation {unknown}
 l - a scroll of random uselessness {unknown}
Potions
 e - a potion of curing
Comestibles
 b - 3 bread rations
 i - a meat ration


   Skills:
 - Level 3.0(2.6) Fighting
 + Level 4.8(4.5) Long Blades
 - Level 2.3(2.0) Dodging


You had 3 spell levels left.
You didn't know any spells.

Dungeon Overview and Level Annotations

Branches:
Dungeon (2/15)

Altars:
Trog
Uskayaw
Xom

Annotations:
D:2 Crazy Yiuf


Innate Abilities, Weirdness & Mutations

You cannot wear most types of armour.
You are very stealthy in the water. (Stealth+)
You are amphibious.
You can wear up to eight rings at the same time.
You can use your tentacles to constrict eight enemies at once.
Your skin changes colour to match your surroundings (Stealth+).
Your rubbery body absorbs attacks. (AC +1, EV +1)


Message History

Found a mace.
Crazy Yiuf shouts!
There is an open door here.
You hit Crazy Yiuf. You burn Crazy Yiuf. Your grab misses Crazy Yiuf.
Crazy Yiuf is moderately wounded.
Crazy Yiuf hits you with a quarterstaff of chaos!
You feel drained.
You barely miss Crazy Yiuf. Your grab misses Crazy Yiuf.
Crazy Yiuf is moderately wounded.
Crazy Yiuf hits you with a quarterstaff of chaos!
* * * LOW HITPOINT WARNING * * *
You are lethally poisoned!
It was a potion of curing.
You feel better.
Xom roars with laughter!
Crazy Yiuf hits you with a quarterstaff of chaos!
* * * LOW HITPOINT WARNING * * *
You are electrocuted!
Ouch! That really hurt!
You die...
Xom laughs nastily!

#####.#...#.###..........#.#
#.....#....## ##.########.##
#.###.#...#.# #.## ##.###
#.# ######### ### #..... #.#
###.###. #.###♣♣♣♣♣ #...# #.
#.#.#..♣.♣♣♣ #### #.#.###.
#..).._.♣..♣#...#
####.......
#......♣♣♣♣.@g..#
#.....###.. ##..#.♣♣ ♣♣#..)#
#####..#..# ####♣♣ ####
##...## ##.## #.# ### #.#
#.######## #.#
#........###########.###
#####........>.........[


You could see Crazy Yiuf.

Vanquished Creatures
  Terence (D:2)
  An adder (D:2)
  3 leopard geckos
  4 bats
  3 giant cockroaches
  5 goblins
  2 hobgoblins (D:1)
  3 kobolds
  2 frilled lizards (D:1)
  4 rats
28 creatures vanquished.

Notes
Turn   | Place    | Note
-------+----------+-------------------------------------------
     0 | D:1      | Irenicus the Octopode Chaos Knight began the quest for the Orb.
     0 | D:1      | Reached XP level 1. HP: 16/16 MP: 1/1
    55 | D:1      | XOM: harmless Necr miscast
   160 | D:1      | Reached XP level 2. HP: 18/21 MP: 2/2
   194 | D:1      | XOM: harmless Air miscast
   255 | D:1      | XOM: noise
   392 | D:1      | Reached skill level 4 in Long Blades
   460 | D:2      | XOM: scenery: create altars
   577 | D:2      | Noticed a hand axe
   578 | D:2      | Noticed a dagger
   582 | D:2      | Found a hide-covered altar of Uskayaw.
   665 | D:2      | Reached XP level 3. HP: 25/26 MP: 3/3
   676 | D:2      | Noticed Terence
   684 | D:2      | XOM: scenery: create altars
   692 | D:2      | Found a bloodstained altar of Trog.
   692 | D:2      | XOM: 7-stop teleportation journey
  1051 | D:2      | XOM: divination: detect creatures
  1109 | D:2      | Killed Terence
  1109 | D:2      | Reached XP level 4. HP: 27/31 MP: 4/4
  1116 | D:2      | Found a runed door.
  1120 | D:2      | Noticed Crazy Yiuf
  1125 | D:2      | Mangled by Crazy Yiuf

Skill      XL: |  1  2 |
---------------+-------+-----
Long Blades    | 4 |  4.8
Fighting       | |  3.0
Dodging        | |  2.3

Action                   |  1- 3 |  4- 6 || total
-------------------------+-------+-------++-------
Melee: Falchion          |    40 |     2 ||    42
       Constrict         |    19 |       ||    19
       Tentacles         |     9 |       ||     9
       Unarmed           |    19 |       ||    19
  Use: Potion            |       |     1 ||     1
 Stab: Sleeping          |     4 |       ||     4
       Confused          |     1 |       ||     1
Armor: Skin              |     4 |       ||     4
Dodge: Dodged            |    32 |       ||    32
       Rpst.: Falchion   |     9 |       ||     9
